 Dungeon Crawl Stone Soup version 0.31-a0-496-g6f97920a28 (webtiles) character file.

Game seed: 2113127640409681418

1 randomguy2701 the Stinger (level 1, -3/11 HPs)
             Began as an Octopode Venom Mage on Aug 8, 2023.
             Slain by a quokka (5 damage)
             ... on level 1 of the Dungeon.
             The game lasted 00:00:06 (58 turns).

randomguy2701 the Stinger (Octopode Venom Mage)       Turns: 58, Time: 00:00:07

Health: -3/11      AC:  1    Str:  7    XL:     1   Next: 20%
Magic:  0/3        EV: 13    Int: 17    God:
Gold:   14         SH:  0    Dex: 12    Spells: 3/4 levels left

rFire   . . .        (no weapon)
rCold   . . .        (no shield)
rNeg    . . .        (helmet restricted)
rPois   .            (no amulet)
rElec   .            (no ring)
rCorr   .            (no ring)
SInv    .            (no ring)
Will    .....        (no ring)
Stlth   +++          (no ring)
HPRegen 0.21/turn    (no ring)
MPRegen 0.08/turn    (no ring)
                     (no ring)

%: no passive effects
@: no status effects
A: almost no armour, amphibious, 8 rings, camouflage 1, gelatinous body 1,
(nimble swimmer 1), tentacles
a: no special abilities


You were on level 1 of the Dungeon.
You visited 1 branch of the dungeon, and saw 1 of its levels.

You collected 14 gold pieces.

Inventory:

Potions
 a - a potion of magic


   Skills:
 + Level 2.0 Dodging
 + Level 2.7 Stealth
 + Level 2.0 Spellcasting
 + Level 1.0 Transmutations
 + Level 3.7 Poison Magic


You had 3 spell levels left.
You knew the following spells:

 Your Spells              Type           Power      Damage    Failure   Level
a - Sting                 Tmut/Pois      36%        1d4       8%          1

Your spell library contained the following spells:

 Spells                   Type           Power      Damage    Failure   Level
 Poisonous Vapours        Pois/Air       16%        N/A       14%         2
 Mephitic Cloud           Conj/Pois/Air  5%         N/A       34%         3
 Olgreb's Toxic Radiance  Pois           14%        N/A       38%         4


Dungeon Overview and Level Annotations

Branches:
Dungeon (1/15)

Altars:


Innate Abilities, Weirdness & Mutations

You cannot wear most types of armour.
You are amphibious.
You can wear up to eight rings at the same time.
Your skin changes colour to match your surroundings (Stealth+).
Your rubbery body absorbs attacks. (AC +1, EV +1)
((You are camouflaged when in or above water. (Stealth+)))
You have tentacles for arms and can constrict up to eight enemies at once.


Message History

The sting hits the hobgoblin.
The hobgoblin looks even sicker.
The hobgoblin is almost dead.
A quokka comes into view.
The sting hits the hobgoblin but does no damage.
The hobgoblin looks even sicker.
The hobgoblin is almost dead.
A bat comes into view.
The hobgoblin hits you.
The bat moves out of view.
You are out of magic!
You are out of magic!
You tentacle-slap the hobgoblin.
You kill the hobgoblin!
You barely miss the quokka. Your grab misses the quokka.
The quokka closely misses you.
You barely miss the quokka. You grab the quokka. You squeeze the quokka.
The quokka is moderately wounded.
You constrict the quokka, but do no damage.
The quokka bites you.
* * * LOW HITPOINT WARNING * * *
The quokka misses you.
You are too injured to fight recklessly!
You are too injured to fight recklessly!
You are too injured to fight recklessly!
A quokka is nearby!
You are too injured to fight recklessly!
You are too injured to fight recklessly!
You are too injured to fight recklessly!
You are too injured to fight recklessly!
You are too injured to fight recklessly!
You tentacle-slap the quokka but do no damage.
The quokka is lightly wounded.
You constrict the quokka. The quokka barely misses you.
You tentacle-slap the quokka but do no damage.
The quokka is moderately wounded.
You constrict the quokka, but do no damage.
The quokka barely misses you.
You tentacle-slap the quokka.
The quokka is heavily wounded.
You constrict the quokka. The quokka bites you.
You die...

###.. b #.....# #...#.#
#..... #.... .. ...
....####
######r#######......#
#.....@.............#
##.#..########......#
#.........#......#
#?.....###.###........#
##.#.#.....# #........#
#####..#####.......#
...............##
####.#####.###..#
#.#..<#.#....#


You could see a quokka and a bat (wandering).

Vanquished Creatures
  A hobgoblin (D:1)
1 creature vanquished.

Notes
Turn   | Place    | Note
-------+----------+-------------------------------------------
     0 | D:1      | randomguy2701 the Octopode Venom Mage began the quest for
                  | the Orb.
     0 | D:1      | Reached XP level 1. HP: 11/11 MP: 3/3
    58 | D:1      | Slain by a quokka

Illustrated notes

Levels and vault maps discovered:
D:1:      evilmike_arrival_hilbert_curve, layout_basic

Action                     || total
---------------------------++-------
  Melee: Unarmed           ||     6
         Constrict         ||     1
         Tentacles         ||     1
   Cast: Sting             ||     3
  Dodge: Dodged            ||     4

Table legend: (Time is in decaauts)
 A = Elapsed time spent in this place.
 B = Non-inter-level travel time spent in this place.
 C = Inter-level travel time spent in this place.
 D = Time resting spent in this place.
 E = Time spent auto-exploring this place.
 F = Levels seen in this place.
 G = Mean time per level.
                   A        B        C        D        E       F      G
               +--------+--------+--------+--------+--------+-----+--------+
         Total |     58 |     58 |      0 |      0 |     44 |   1 |   58.0 |
       Dungeon |     58 |     58 |      0 |      0 |     44 |   1 |   58.0 |
               +--------+--------+--------+--------+--------+-----+--------+

Top non-repeatable levels by time:
     D:1: 58 daAuts
